 Dungeon Crawl Stone Soup version 0.31-a0-1626-g5cb510d322 (webtiles) character file.

Game seed: 1418596689575539598

348 seren the Ducker (level 6, -3/67 HPs)
             Began as a Djinni Hedge Wizard on Jan 12, 2024.
             Slain by Pikel
             ... wielding a +1 whip of flaming
              (8 damage)
             ... on level 4 of the Dungeon.
             The game lasted 00:16:35 (4062 turns).

seren the Ducker (Djinni Hedge Wizard)              Turns: 4062, Time: 00:16:36

Health: -3/67      AC:  2    Str:  9    XL:     6   Next: 91%
Gold:   134        EV: 13    Int: 17    God:
                   SH:  0    Dex: 13

rFire   + + .        a - +0 whip (elec)
rCold   x . .        (no shield)
rNeg    . . .        d - +0 robe
rPois   ∞            c - +0 hat
rElec   .            (no cloak)
rCorr   .            (no gloves)
SInv    .            (boots unavailable)
Will    +....        (no amulet) Stlth
                     u - +4 ring of slaying
HPRegen 0.31/turn    (no ring)
MPRegen 0.00/turn

%: infuse magic (-4 HP)
@: berserking, enlightened, flying, very quick
A: sickness immunity, fire resistance 2, cold vulnerability 1, float, innate
caster, HP casting, extra vitality 1
a: no special abilities


You were on level 4 of the Dungeon.
You visited 1 branch of the dungeon, and saw 4 of its levels.

You collected 134 gold pieces.

Inventory:

Hand Weapons
 a - a +0 whip of electrocution (weapon)
 b - a +0 sling of freezing
 h - a +3 whip of venom
Armour
 c - a +0 hat (worn)
 d - a +0 robe (worn)
 l - a +0 leather armour of poison resistance
 m - an orb of wrath
Jewellery
 u - a +4 ring of slaying (left hand)
Wands
 s - a wand of quicksilver (11)
Scrolls
 e - a scroll of fog
 g - 3 scrolls of teleportation {!r}
 i - a scroll of enchant weapon {unknown}
 q - a scroll of noise {unknown}
 t - a scroll of revelation {unknown}
Potions
 f - a potion of cancellation
 k - 2 potions of resistance
 o - a potion of mutation {unknown}
 p - a potion of curing {unknown}
 r - a potion of brilliance {unknown}
 v - a potion of heal wounds {unknown}


   Skills:
 + Level 2.6 Fighting
 + Level 4.1 Dodging
 + Level 3.2 Stealth
 + Level 3.7 Spellcasting
 + Level 3.7 Conjurations
 + Level 3.7 Hexes
 + Level 3.7 Summonings
 + Level 3.7 Necromancy
 + Level 3.7 Translocations
 + Level 3.7 Fire Magic
 + Level 3.7 Ice Magic
 + Level 3.7 Air Magic
 + Level 3.7 Earth Magic
 + Level 3.7 Alchemy
 + Level 1.7 Evocations


You knew the following spells:

 Your Spells              Type           Power      Damage    Failure   Level
a - Magic Dart            Conj           60%        1d6       3%          1
b - Slow                  Hex            60%        N/A       3%          1
c - Blink                 Tloc           30%        N/A       5%          2
d - Call Imp              Summ           30%        N/A       5%          2
e - Mephitic Cloud        Conj/Alch/Air  15%        N/A       11%         3
f - Kiss of Death         Conj/Necr      60%        2d10      3%          1
g - Mercury Vapours       Alch/Air       30%        N/A       5%          2
Your spell library was empty.

Dungeon Overview and Level Annotations

Branches:
Dungeon (4/15)
 Temple: D:4-7

Altars:
Trog

Shops:
D:2 (

Annotations:
D:3 Grinder, Sigmund
D:4 Pikel


Innate Abilities, Weirdness & Mutations

You are immune to sickness and miasma.
You are immune to poison.
Your flesh is very heat resistant. (rF++)
You are vulnerable to cold. (rC-)
You float through the air rather than walking.
You learn spells naturally, not from books.
Your magical power is your life essence.
You have superior vitality. (+4 MHP)


Message History

Confirm with . or Enter, or press ? or * to list all spells.
Aiming: Slow (safe; 3% risk of failure)
Press: ? - help, Shift-Dir - straight line, f/p - Pikel
Aim: Pikel, wielding a +1 whip of flaming and wearing a +0 robe (chance to affect: 49%) Pikel seems to slow down.
Pikel waves his whip at you.
Pikel hits you with a +1 whip of flaming!
Press: ? - help, v - describe, . - travel
Here: Pikel, wielding a +1 whip of flaming and wearing a +0 robe (slow)
The floor.
You hit Pikel.
Pikel is lightly wounded.
Pikel hits you with a +1 whip of flaming!
* * * LOW HITPOINT WARNING * * *
You hit Pikel but do no damage.
Pikel is lightly wounded.
Pikel hits you with a +1 whip of flaming!
* * * LOW HITPOINT WARNING * * *
You hit Pikel.
Pikel is moderately wounded.
You completely miss Pikel.
Pikel is moderately wounded.
Pikel hits you but does no damage.
You hit Pikel. Lightning courses through Pikel!!
Pikel is severely wounded.
Pikel hits you with a +1 whip of flaming!
* * * LOW HITPOINT WARNING * * *
Pikel burns you.
* * * LOW HITPOINT WARNING * * *
You completely miss Pikel.
Pikel is severely wounded.
It was a potion of enlightenment.
You feel more buoyant. Pikel barely misses you.
It was a potion of berserk rage.
A red film seems to cover your vision as you go berserk!
You feel yourself moving faster!
You feel mighty!
Pikel hits you with a +1 whip of flaming!
You die...
Pikel says, "Another soul for the market."

#.# #.# #.# #..##.#
#.####.#########.# #K.##.###
#.)...........K.5# #5.......
#..########.###### ##.##....
#..# #.# #.###### #..# #.#
#.# #..# #5# #.###### #..#
#K# #....K.. #..# #@#
######## #..########.#
#......
#........##.##########.#####
##.#####........<......# #.#
####.############
#.########.# #..........#
############


You could see Pikel (slow) and a lemure.

Vanquished Creatures
  A lemure (D:3)
  A scorpion (D:4)
  A hound (D:4)
  A gnoll bouda (D:3)
  A sleepcap (D:2)
  8 gnolls
  5 adders
  2 dart slugs
  A ribbon worm (D:4)
  An orc (D:4)
  4 bats
  8 endoplasms
  4 giant cockroaches
  4 goblins
  4 hobgoblins
  6 quokkas
  10 ball pythons
  7 frilled lizards
  9 kobolds
  3 rats (D:2)
81 creatures vanquished.

Vanquished Creatures (collateral kills)
  A ribbon worm (D:2)
1 creature vanquished.

Grand Total: 82 creatures vanquished

Notes
Turn   | Place    | Note
-------+----------+-------------------------------------------
     0 | D:1      | seren the Djinni Hedge Wizard began the quest for the Orb.
     0 | D:1      | seren set off with the following spells memorised: Magic
                  | Dart, Slow, Blink, Call Imp, Mephitic Cloud.
     0 | D:1      | Reached XP level 1. HP: 15/15 MP: 0/0
    57 | D:1      | Reached XP level 2. HP: 16/21 MP: 0/0
   226 | D:1      | Reached XP level 3. HP: 23/25 MP: 0/0
   226 | D:1      | Learned a level 1 spell: Kiss of Death
  1138 | D:2      | Reached skill level 3 in Dodging
  1138 | D:2      | Reached XP level 4. HP: 29/31 MP: 0/0
  1232 | D:2      | Found Maquehur's Weapon Emporium.
  1285 | D:2      | Reached skill level 1 in Fighting
  1337 | D:2      | Found a bloodstained altar of Trog.
  1769 | D:3      | Reached XP level 5. HP: 37/37 MP: 0/0
  1769 | D:3      | Learned a level 2 spell: Mercury Vapours
  1820 | D:3      | Noticed Grinder
  2103 | D:3      | Noticed Sigmund
  2607 | D:4      | Reached XP level 6. HP: 29/43 MP: 0/0
  2679 | D:4      | Reached skill level 1 in Evocations
  2978 | D:4      | Noticed Pikel
  3470 | D:4      | Reached skill level 4 in Dodging
  4059 | D:4      | HP: 2/45 [Pikel/+1 whip of flaming (1)]
  4062 | D:4      | Slain by Pikel

Illustrated notes

Levels and vault maps discovered:
D:1:      lemuel_arrival_room, layout_basic,
          hangedman_abyss_or_decor_lesser_grid, minmay_misc_feat_doors,
          minmay_heptomino_w4
D:2:      layout_basic, serial_shops, shop, basic_altar
D:3:      layout_loops_ring, feat_on_display, uniq_crazy_yiuf_cottage,
          uniq_grinder, uniq_sigmund
D:4:      layout_loops_ring, dk_noncrumbling_2, uniq_pikel

Skill      XL: |  1  2  3  4  5  6 |
---------------+-------------------+-----
Stealth        | 2 3 |  3.2
Dodging        | 3 4 |  4.1
Fighting       | 1 2 |  2.6
Evocations     | 1 |  1.7
Spellcasting   | |  3.7
Conjurations   | |  3.7
Hexes          | |  3.7
Summonings     | |  3.7
Necromancy     | |  3.7
Translocations | |  3.7
Fire Magic     | |  3.7
Ice Magic      | |  3.7
Air Magic      | |  3.7
Earth Magic    | |  3.7
Alchemy        | |  3.7

Action                     |  1- 3 |  4- 6 || total
---------------------------+-------+-------++-------
  Melee: Whip              |       |    31 ||    31
   Fire: Sling             |       |     6 ||     6
   Cast: Magic Dart        |    89 |    91 ||   180
         Call Imp          |       |     2 ||     2
         Mercury Vapours   |       |    34 ||    34
         Slow              |       |     4 ||     4
    Use: Scroll            |     2 |     2 ||     4
         Potion            |       |     3 ||     3
 Armour: Robe              |    14 |    63 ||    77
  Dodge: Dodged            |     7 |    60 ||    67

Table legend: (Time is in decaauts)
 A = Elapsed time spent in this place.
 B = Non-inter-level travel time spent in this place.
 C = Inter-level travel time spent in this place.
 D = Time resting spent in this place.
 E = Time spent auto-exploring this place.
 F = Levels seen in this place.
 G = Mean time per level.
                   A        B        C        D        E       F      G
               +--------+--------+--------+--------+--------+-----+--------+
         Total |   4070 |   3817 |    253 |    626 |   2045 |   4 | 1017.5 |
       Dungeon |   4070 |   3817 |    253 |    626 |   2045 |   4 | 1017.5 |
               +--------+--------+--------+--------+--------+-----+--------+

Top non-repeatable levels by time:
     D:3: 1252 daAuts
     D:4: 1078 daAuts
     D:1: 939 daAuts
     D:2: 800 daAuts
